Map: Orbital Shipyard

Players

IIIIIIIIIIII - Winner!

  • Race: Terran Terran
  • League: Master

SKillous

  • Race: Protoss Protoss
  • League: Grandmaster

VOD

Have the link to the VOD?

Description

Time

  • Played on: Dec. 21, 2015, 10:37 a.m.
  • Length: 10:31
Show
View Real Time Build Order
Export as new Build Order

IIIIIIIIIIII Terran - Winner!

Build Orders: Reaper Expand, MMM Bio 

Get SALT Encoding   

  12  0:01  SCV  
  13  0:13  SCV  
  14  0:18  Supply Depot  
  14  0:25  SCV  
  15  0:40  SCV  
  15  0:42  Barracks  
  16  0:44  Refinery  
  16  0:52  SCV  
  17  1:04  SCV  
  18  1:16  SCV  
  19  1:29  Orbital Command  
  19  1:30  Reaper  
  20  1:42  Command Center  
  20  1:55  SCV  
  20  1:59  Barracks  
  21  2:03  Barracks Reactor  
  21  2:07  SCV, Supply Depot  
  22  2:19  SCV  
  23  2:28  Refinery  
  23  2:29  Factory  
  23  2:31  SCV  
  24  2:40  Marine x2  
  24  2:43  SCV  
  27  2:50  Barracks Tech Lab  
  27  2:55  SCV  
  27  2:57  Orbital Command  
  28  3:00  Marine x2  
  30  3:07  SCV  
  31  3:15  Starport  
  31  3:19  SCV, Marine  
  33  3:20  Marine  
  33  3:23  SCV  
  35  3:29  Cyclone  
  35  3:31  SCV  
  35  3:32  Refinery  
  39  3:35  SCV  
  39  3:39  Supply Depot  
  40  3:44  SCV  
  40  3:45  Barracks Reactor  
  40  3:46  Marine x2  
  40  3:47  SCV  
  44  3:56  SCV  
  44  3:59  SCV  
  44  4:00  Viking  
  48  4:04  Marine x2  
  48  4:08  SCV  
  51  4:11  SCV  
  52  4:17  Supply Depot  
  52  4:20  SCV  
  52  4:21  Liberator  
  52  4:22  Marine  
  54  4:27  Supply Depot  
  54  4:38  SCV, Marine  
  54  4:39  Command Center  
  54  4:43  Viking  
  54  4:45  Marine  
  62  4:48  Marine  
  62  4:52  Factory Tech Lab  
  63  4:55  SCV  
  63  4:56  Marine  
  63  4:57  SCV  
  66  5:03  Marine  
  66  5:05  Refinery  
  66  5:06  Marine  
  68  5:09  Stimpack  
  66  5:16  Marine  
  66  5:20  Marine  
  67  5:21  SCV  
  67  5:23  Viking  
  67  5:27  Marine  
  68  5:29  SCV  
  70  5:43  SCV  
  70  5:46  SCV, Liberator x2  
  70  5:48  Marine  
  69  5:50  Cyclone  
  69  5:55  SCV  
  75  5:57  Orbital Command  
  75  5:58  SCV  
  78  6:07  SCV  
  78  6:10  SCV, Barracks  
  78  6:11  Barracks  
  80  6:14  Marine x2  
  82  6:20  SCV, Marine  
  82  6:22  SCV  
  85  6:37  SCV x2, Siege Tank  
  85  6:38  Marauder  
  92  6:43  Supply Depot x2  
  92  6:48  Liberator x2  
  92  6:49  SCV x2  
  92  6:50  Barracks  
  92  6:51  Barracks  
  94  6:59  Marine x2  
  97  7:02  Marine  
  104  7:08  Barracks Tech Lab  
  104  7:11  Barracks Reactor  
  104  7:12  SCV  
  104  7:17  SCV, Marine x2  
  104  7:19  Engineering Bay  
  107  7:28  SCV  
  107  7:29  SCV  
  108  7:31  Liberator  
  108  7:34  Combat Shields, Liberator  
  108  7:40  SCV  
  109  7:45  Marine  
  109  7:46  Marauder  
  115  7:52  Missile Turret  
  115  7:53  Barracks Tech Lab  
  115  7:54  Barracks Reactor  
  115  8:00  Orbital Command  
  115  8:02  Marine x2  
  117  8:11  Supply Depot  
  117  8:12  Supply Depot  
  117  8:13  Terran Infantry Weapons Level 1  
  117  8:14  Marauder x2  
  117  8:15  Engineering Bay  
  121  8:22  Marauder, Marine x2  
  121  8:25  Concussive Shells  
  125  8:27  SCV  
  125  8:29  Marine x2  
  128  8:34  Marine x2  
  128  8:35  Marauder x2  
  128  8:40  Medivac x2  
  138  8:44  Marauder  
  138  8:45  Marine  
  141  8:51  Missile Turret  
  141  8:55  Missile Turret  
  141  8:57  Marauder  
  141  9:01  Marauder, Marine x2  
  147  9:05  Marauder  
  149  9:31  Marauder, Missile Turret, Marine x2  
  149  9:32  Marauder x2  
  149  9:35  Missile Turret  
  149  9:36  Marine x3  
  160  9:39  Armory  
  157  9:53  Marauder  
  159  10:05  Marauder x2, Marine x2  
Show
View Real Time Build Order
Export as new Build Order

SKillous Protoss 

Build Orders: 1 Gate Expand 

Get SALT Encoding   

  12  0:01  Probe (Chrono Boost)  
  13  0:11  Probe (Chrono Boost)  
  14  0:20  Pylon  
  14  0:22  Probe (Chrono Boost)  
  15  0:38  Probe (Chrono Boost)  
  15  0:39  Gateway  
  15  0:42  Assimilator  
  16  0:49  Probe (Chrono Boost)  
  17  0:59  Probe (Chrono Boost)  
  18  1:10  Probe (Chrono Boost)  
  19  1:22  Nexus  
  19  1:28  Cybernetics Core  
  19  1:31  Probe (Chrono Boost)  
  20  1:35  Assimilator  
  20  1:42  Probe (Chrono Boost)  
  20  1:45  Pylon  
  21  1:52  Probe (Chrono Boost)  
  22  2:05  Mothership Core (Chrono Boost), Adept  
  26  2:14  Warp Gate  
  26  2:23  Probe (Chrono Boost)  
  27  2:33  Probe (Chrono Boost)  
  27  2:35  Probe (Chrono Boost)  
  29  2:37  Twilight Council  
  29  2:43  Adept  
  32  2:44  Probe (Chrono Boost)  
  32  2:45  Probe (Chrono Boost)  
  32  2:51  Pylon  
  33  2:55  Probe (Chrono Boost)  
  34  2:58  Robotics Facility  
  34  3:00  Probe (Chrono Boost)  
  36  3:05  Probe (Chrono Boost)  
  37  3:16  Resonating Glaives  
  38  3:26  Gateway x2  
  36  3:29  Gateway  
  36  3:37  Gateway  
  36  3:42  Gateway  
  36  3:50  Warp Prism (Chrono Boost)  
  38  3:57  Gateway  
  38  4:05  Gateway  
  38  4:06  Probe x2  
  40  4:18  Adept  
  40  4:22  Observer (Chrono Boost)  
  43  4:25  Adept  
  45  4:35  Probe  
  45  4:36  Probe  
  47  4:39  Pylon  
  47  4:47  Probe  
  47  4:48  Probe  
  50  5:00  Probe, Pylon  
  50  5:01  Pylon  
  50  5:12  Warp Prism  
  50  5:22  Adept x5  
  50  5:23  Probe, Adept x3  
  61  6:00  Probe, Adept x4  
  61  6:01  Adept x4  
  78  6:04  Pylon  
  78  6:06  Pylon  
  78  6:07  Pylon  
  78  6:16  Pylon  
  78  6:17  Pylon  
  78  6:22  Probe x2  
  80  6:34  Probe  
  78  6:50  Adept x5  
  78  6:51  Adept x3  
  76  6:56  Adept x2  
  76  6:57  Adept  
  76  6:58  Adept x5, Warp Prism  
  92  7:06  Probe  
  92  7:07  Probe  
  90  7:14  Assimilator  
  90  7:15  Pylon  
  90  7:18  Probe  
  90  7:19  Probe, Assimilator  
  90  7:30  Probe  
  90  7:34  Probe  
  92  7:39  Nexus  
  92  7:42  Stalker x2  
  92  7:43  Stalker x3  
  100  7:51  Probe  
  101  8:03  Probe  
  101  8:04  Probe  
  103  8:10  Blink  
  103  8:15  Probe  
  103  8:17  Warp Prism  
  106  8:21  Pylon  
  106  8:24  Pylon  
  104  8:28  Probe x2  
  106  8:38  Pylon  
  106  8:40  Probe  
  107  8:44  Stalker x5  
  115  8:55  Stalker  
  114  8:59  Stalker  
  116  9:08  Pylon  
  116  9:09  Probe  
  116  9:17  Stalker x3  
  116  9:18  Probe  
  116  9:19  Probe  
  116  9:23  Probe  
  125  9:31  Stalker x2  
  125  9:37  Stalker  
  125  9:38  Stalker  
  133  9:41  Probe x2  
  133  9:48  Stalker  
  135  9:52  Probe  
  135  9:54  Probe x2  
  135  9:57  Assimilator  
  138  10:06  Probe  
  137  10:12  Adept  
  137  10:13  Adept x6  
Tags
 
Add a new tag
Caveats
  • Supply blocks, unpowered buildings, or Contaminate may cause inaccurate times.
  • Supply counts are checked every 10 seconds.